 Dungeon Crawl Stone Soup version 0.19.0-2-gae57169 (webtiles) character file.

57 swillhouse the Slasher (level 3, -2/29 HPs)
             Began as a Demonspawn Chaos Knight on Nov 5, 2016.
             Killed by nerve-wracking pain
             ... invoked by Jessica
              (6 damage)
             ... on level 2 of the Dungeon.
             The game lasted 00:03:51 (1194 turns).

swillhouse the Slasher (Demonspawn Chaos Knight)    Turns: 1194, Time: 00:03:51

Health: -2/29      AC:  5    Str: 13    XL:     3   Next: 73%
Magic:  3/3        EV: 11    Int: 13    God:    Xom [..*...]
Gold:   100        SH:  0    Dex: 12    Spells: 0 memorised, 2 levels left

rFire  . . .     SeeInvis .     a - +0 falchion (chaos)
rCold  . . .     Gourm    .     b - +2 leather armour
rNeg   . . .     Faith    .     (no shield)
rPois  .         Spirit   .     (no helmet)
rElec  .         Reflect  .     (no cloak)
rCorr  .         Harm     .     (no gloves)
MR     .....                    (no boots)
Stlth  ++........               (no amulet)
                                (no ring)
                                (no ring)

@: no status effects
A: nightstalker 1
a: Renounce Religion


You were on level 2 of the Dungeon.
You worshipped Xom.
You were a toy of Xom.
You were not hungry.

You visited 1 branch of the dungeon, and saw 2 of its levels.

You collected 100 gold pieces.

Inventory:

Hand Weapons
 a - a +0 falchion of chaos (weapon)
Armour
 b - a +2 leather armour (worn)
Scrolls
 e - a scroll of amnesia {unknown}
 f - 2 scrolls of identify {unknown}
 h - a scroll of blinking {unknown}
 i - a scroll of teleportation {unknown}
 j - a scroll of magic mapping {unknown}
 k - a scroll of random uselessness {unknown}
 l - a scroll of immolation {unknown}
Potions
 d - a potion of degeneration {unknown}
 m - a potion of lignification {unknown}
Comestibles
 c - a bread ration
 g - a meat ration
 o - a slice of pizza


   Skills:
 - Level 3.0 Fighting
 + Level 4.3 Long Blades
 - Level 1.7 Armour
 - Level 0.8 Dodging


You had 2 spell levels left.
You didn't know any spells.

Dungeon Overview and Level Annotations

Branches:
Dungeon (2/15)

Altars:

Annotations:
D:2 Jessica


Innate Abilities, Weirdness & Mutations

You are slightly more attuned to the shadows.


Message History

The goblin unwields an uncursed hunting sling.
The goblin wields an uncursed dagger of venom.
It begins to drip with poison!
The goblin hits you but does no damage.
You barely miss Jessica. Jessica hits you.
The kobold hits you but does no damage. Jessica closely misses you.
You riposte.
You hit Jessica. You freeze Jessica.
Jessica is moderately wounded.
You closely miss Jessica.
Jessica is moderately wounded.
The goblin closely misses you. The kobold hits you with a short sword.
* * * LOW HITPOINT WARNING * * *
Jessica gestures wildly.
Jessica hits you.
* * * LOW HITPOINT WARNING * * *
The goblin barely misses you.
You closely miss the goblin. The kobold hits you but does no damage.
Jessica points at you and mumbles some strange words.
Pain shoots through your body!
You die...
Xom giggles madly!

.###.# ####.....>.....#.......
.....##.......##..##.#.......
...#.......##.####...<#.......
....<..######.##........##..##
.##......####.##.#####.....##
#........#..##.## #>#####
...#.............## #.#
##..###.!(.........# #.# #.
#....(.†@@..... .# #
#?...)..Kg.(...
#..............
#..............
#..............
##............# ##..........##


You could see Jessica, a goblin and a kobold.

Vanquished Creatures
  An adder (D:2)
  An ooze (D:2)
  2 worms (D:2)
  A dart slug (D:1)
  A leopard gecko (D:2)
  4 giant cockroaches (D:1)
  4 goblins
  2 hobgoblins (D:1)
  6 kobolds (D:1)
  4 bats
  7 rats (D:1)
33 creatures vanquished.

Notes
Turn   | Place    | Note
-------+----------+-------------------------------------------
     0 | D:1      | swillhouse the Demonspawn Chaos Knight began the quest for the Orb.
     0 | D:1      | Reached XP level 1. HP: 18/18 MP: 1/1
    22 | D:1      | Reached skill level 3 in Long Blades
   106 | D:1      | Gained mutation: You are slightly more attuned to the shadows. [demonic ancestry]
   106 | D:1      | Reached XP level 2. HP: 24/24 MP: 2/2
   628 | D:1      | XOM: potion effect (agility)
   931 | D:2      | Reached XP level 3. HP: 29/29 MP: 3/3
   980 | D:2      | Reached skill level 4 in Long Blades
  1184 | D:2      | Noticed Jessica
  1194 | D:2      | Killed from afar by Jessica

Skill      XL: |  1  2  3 |
---------------+----------+-----
Long Blades    | 3 4 |  4.3
Fighting       | |  3.0
Armour         | |  1.7
Dodging        | |  0.8

Action                   || total
-------------------------++-------
Melee: Falchion          ||    84
 Stab: Sleeping          ||     2
       Paralysed         ||     1
  Eat: Chunk             ||     1
Armor: Leather armour    ||    27
Dodge: Dodged            ||    73
       Rpst.: Falchion   ||    19
